 Dungeon Crawl Stone Soup version 0.31-a0-229-g1fc7ce93e2 (webtiles) character file.

Game seed: 744298476434411953

39 qw the Shooter (level 3, -4/29 HPs)
             Began as a Minotaur Hexslinger on July 6, 2023.
             Slain by Sigmund
             ... wielding a +0 scythe
              (11 damage)
             ... on level 2 of the Dungeon.
             The game lasted 00:00:25 (627 turns).

qw the Shooter (Minotaur Hexslinger)                 Turns: 627, Time: 00:00:25

Health: -4/29      AC:  2    Str: 12    XL:     3   Next: 26%
Magic:  3/3        EV: 12    Int: 10    God:
Gold:   56         SH:  0    Dex: 14    Spells: 3/4 levels left

rFire   . . .        Y - +1 sling
rCold   . . .        (no shield)
rNeg    . . .        c - +0 robe
rPois   .            (helmet restricted)
rElec   .            (no cloak)
rCorr   .            (no gloves)
SInv    .            (no boots)
Will    .....        (no amulet)
Stlth   +            (no ring)
HPRegen 0.24/turn    (no ring)
MPRegen 0.08/turn

%: no passive effects
@: no status effects
A: horns 2, retaliatory headbutt
a: no special abilities


You were on level 2 of the Dungeon.
You visited 1 branch of the dungeon, and saw 2 of its levels.

You collected 56 gold pieces.


Innate Abilities, Weirdness & Mutations

You have a pair of horns on your head.
You reflexively headbutt those who attack you in melee.


   Skills:
 - Level 2.0 Fighting
 + Level 3.8 Ranged Weapons
 - Level 2.1 Dodging
 - Level 1.0 Spellcasting
 - Level 2.0 Hexes


You had 3 spell levels left.
You knew the following spells:

 Your Spells              Type           Power      Damage    Failure   Level
a - Slow                  Hex            16%        N/A       16%         1

Your spell library contained the following spells:

 Spells                   Type           Power      Damage    Failure   Level
 Inner Flame              Hex/Fire       2%         N/A       56%         3
 Portal Projectile        Hex/Tloc       4%         N/A       56%         3
 Cause Fear               Hex            2%         N/A       83%         4

Inventory:

Hand Weapons
 Y - a +1 sling (weapon)
Armour
 c - a +0 robe (worn)
Scrolls
 a - 2 scrolls of identify
Potions
 b - a potion of heal wounds {unknown}
 d - a potion of might {unknown}

Dungeon Overview and Level Annotations

Branches:
Dungeon (2/15)

Altars:

Annotations:
D:2 Sigmund


Message History

The endoplasm hits you but does no damage.
You shoot a sling bullet. The sling bullet hits the endoplasm!
You kill the endoplasm!
There is a stone staircase leading up here.
Found a stone staircase leading down.
Found a mace.
Sigmund and a rat come into view.
You shoot a sling bullet. The sling bullet barely misses Sigmund.
Sigmund casts a spell at you. The puff of flame hits you!
You shoot a sling bullet.
The sling bullet hits Sigmund but does no damage.
Sigmund barely misses you.
You shoot a sling bullet. The sling bullet hits Sigmund!
Sigmund is moderately wounded.
The rat twitches its whiskers.
Sigmund hits you from afar with a +0 scythe!
You shoot a sling bullet. The sling bullet barely misses Sigmund.
The sling bullet barely misses the rat.
You shoot a sling bullet.
The sling bullet hits Sigmund but does no damage.
Sigmund is moderately wounded.
Sigmund hits you from afar with a +0 scythe.
You shoot a sling bullet. The sling bullet hits Sigmund.
Sigmund is heavily wounded.
Sigmund barely misses you.
You shoot a sling bullet.
The sling bullet closely misses Sigmund.
The sling bullet hits the rat.
You kill the rat!
Sigmund hits you but does no damage.
You shoot a sling bullet. The sling bullet hits Sigmund!
Sigmund is severely wounded.
Sigmund misses you.
You shoot a sling bullet. The sling bullet hits Sigmund.
Sigmund is almost dead.
You shoot a sling bullet.
The sling bullet closely misses Sigmund.
Sigmund hits you from afar with a +0 scythe!
You die...

#..........#
#####.##.##... #.#
##. #.# #.. #.# [).
#.# #.#
#.####@####.#
##...........#
#......@##
#..###.).##########
#.....###.........#
###..#.##
##.########
#...#..# #.......#
#.#..#.##
##.#####.#
#.#<###.###.## #
#........##
#..............#


You could see Sigmund.

Vanquished Creatures
  A dart slug (D:1)
  2 ball pythons (D:1)
  6 endoplasms
  2 giant cockroaches
  2 goblins (D:1)
  2 hobgoblins (D:1)
  2 jackals (D:2)
  3 kobolds (D:1)
  2 quokkas (D:1)
  3 bats (D:1)
  3 frilled lizards (D:1)
  6 rats
34 creatures vanquished.

Notes
Turn   | Place    | Note
-------+----------+-------------------------------------------
     0 | D:1      | qw the Minotaur Hexslinger began the quest for the Orb.
     0 | D:1      | Reached XP level 1. HP: 16/16 MP: 1/1
     0 | D:1      | 0 ||| qw: Version: 0.3-a-46-gb1f654a
     0 | D:1      | 0 ||| qw: Game counter: 1239
     0 | D:1      | 0 ||| qw: Melee chars always use a shield: true
     0 | D:1      | 0 ||| qw: God list: Okawaru
     0 | D:1      | 0 ||| qw: Allow faded altars: false
     0 | D:1      | 0 ||| qw: Do Orc after clearing Dungeon:15 true
     0 | D:1      | 0 ||| qw: Do second Lair branch before Depths: true
     0 | D:1      | 0 ||| qw: Lair rune preference: random
     0 | D:1      | 0 ||| qw: Goals: Normal
     0 | D:1      | 0 ||| PLANNING D:1-11
    42 | D:1      | HP: 4/16 [frilled lizard (2)]
    45 | D:1      | Reached skill level 3 in Ranged Weapons
   106 | D:1      | Reached XP level 2. HP: 23/23 MP: 2/2
   190 | D:1      | 190 ||| READING 3 scrolls labelled QIYLECSIVOU.
   191 | D:1      | 191 ||| DROPPING scroll of poison.
   438 | D:1      | Reached XP level 3. HP: 29/29 MP: 3/3
   515 | D:1      | 515 ||| READING scroll labelled MUYGOE NYDEU.
   617 | D:2      | Noticed Sigmund
   622 | D:2      | HP: 5/29 [Sigmund/+0 scythe (4)]
   627 | D:2      | Slain by Sigmund

Levels and vault maps discovered:
D:1:      lightli_arrival_chessboard, layout_rooms, nicolae_the_louvre
D:2:      minmay_chambers_of_twos, layout_loops_ring, minmay_misc_feat_pillars,
          uniq_sigmund

Skill      XL: |  1  2 |
---------------+-------+-----
Ranged Weapons | 3 |  3.8
Fighting       | 2 |  2.0
Dodging        | |  2.1
Spellcasting   | |  1.0
Hexes          | |  2.0

Action                     || total
---------------------------++-------
   Fire: Sling             ||   104
    Use: Scroll            ||     2
 Armour: Robe              ||    10
  Dodge: Dodged            ||    37

Table legend:
 A = Non-vault XP
 B = Vault XP
 C = Vault XP percentage of total XP
 D = Non-vault monster count
 E = Vault monster count
 F = Vault count percentage of total count
                 A         B        C        D         E       F
            +---------+---------+-------+---------+---------+-------
      Total |      56 |       0 |   0.0 |      34 |       0 |   0.0
            +---------+---------+-------+---------+---------+-------
        D:1 |      44 |       0 |   0.0 |      27 |       0 |   0.0
        D:2 |      12 |       0 |   0.0 |       7 |       0 |   0.0
            +---------+---------+-------+---------+---------+-------
